 Dungeon Crawl Stone Soup version 0.29.0-15-g675c0067aa (webtiles) character file.

Game seed: 11193277104434537658

3046 qw the Cleaver (level 9, -2/77 (79) HPs)
             Began as a Minotaur Berserker on Sept 12, 2022.
             Was a Priest of Trog.
             Slain by Erica
             ... wielding a +1 scimitar of flaming
              (3 damage)
             ... on level 8 of the Dungeon.
             The game lasted 00:02:10 (8760 turns).

qw the Cleaver (Minotaur Berserker)                 Turns: 8760, Time: 00:02:10

HP:   -2/77 (79)    AC:  9    Str: 26    XL:     9   Next: 56%
MP:   8/8           EV:  7    Int:  4    God:    Trog [***...]
Gold: 342           SH: 10    Dex: 10    Spells: 8/8 levels left

rFire   . . .      SeeInvis .   Y - +0 hand axe (venom)
rCold   . . .      Faith    .   h - +0 kite shield
rNeg    . . .      Spirit   .   l - +0 chain mail
rPois   .          Reflect  .   (helmet restricted)
rElec   .          Harm     .   (no cloak)
rCorr   +          Rampage  .   (no gloves)
Will    .....                   (no boots)
Stlth   ..........              (no amulet)
HPRegen 0.22/turn               k - ring of resist corrosion
MPRegen 0.11/turn               (no ring)

@: lethally poisoned (-2 -> -16), about to teleport, marked, on berserk
cooldown, slowed, lightly drained, very slow
A: horns 2, retaliatory headbutt
a: Renounce Religion, Berserk, Trog's Hand


You were on level 8 of the Dungeon.
You worshipped Trog.
Trog was most pleased with you.
You visited 1 branch of the dungeon, and saw 8 of its levels.

You collected 342 gold pieces.


Innate Abilities, Weirdness & Mutations

You have a pair of horns on your head.
You reflexively headbutt those who attack you in melee.


   Skills:
 - Level 7.0 Fighting
 - Level 12.3 Axes
 - Level 1.1 Throwing
 - Level 4.0 Armour
 - Level 2.1 Dodging
 + Level 8.1 Shields


You had 8 spell levels left.
You didn't know any spells.
Your spell library was empty.

Inventory:

Hand Weapons
 i - a +0 flail
 Y - a +0 hand axe of venom (weapon)
Armour
 h - a +0 kite shield (worn)
 l - a +0 chain mail (worn)
Jewellery
 k - a ring of resist corrosion (left hand)
Scrolls
 e - a scroll of identify
Potions
 b - a potion of curing
 c - a potion of cancellation
 d - a potion of might
 f - a potion of mutation
 j - a potion of flight {unknown}
 o - 2 potions of heal wounds

Dungeon Overview and Level Annotations

Branches:
Dungeon (8/15)             Temple (0/1) D:4
   Lair: D:8-11

Altars:
Kikubaaqudgha
Qazlal
Ru
Sif Muna
Trog
Uskayaw
Vehumet
Xom

Annotations:
D:4 2 transporters, qw's ghost, weakling GrDe
D:8 Erica


Message History

The bolt of poison hits the necrophage.
The necrophage completely resists.
The kobold brigand barely misses you. You furiously retaliate!
You headbutt the kobold brigand, but do no damage.
The necrophage hits you.
You feel drained.
You barely miss Erica. You barely miss the kobold. You hit the kobold.
The kobold is poisoned.
You hit the kobold brigand but do no damage.
The kobold brigand looks as sick as possible!
You hit the necrophage but do no damage.
You feel very sick.
You kill the kobold!
Trog accepts your kill. Erica gestures at you while chanting.
The bolt of poison hits you!
You are more poisoned.
The bolt of poison hits the necrophage.
The necrophage completely resists.
The kobold brigand barely misses you.
The necrophage hits you but does no damage.
The kobold hits you but does no damage.
You closely miss the kobold brigand.
You headbutt the kobold brigand, but do no damage.
The kobold brigand is lightly wounded.
You hit Erica. You hit the kobold but do no damage.
The kobold is poisoned.
You barely miss the two-headed ogre. You slash the necrophage!
You feel extremely sick. Erica hits you but does no damage.
The kobold brigand hits you but does no damage.
The necrophage hits you.
You feel drained. The two-headed ogre barely misses you.
The two-headed ogre hits you with a +0 giant club!
The kobold hits you but does no damage.
8760 ||| READING scroll of teleportation.
As you read the scroll of teleportation, it crumbles to dust.
You feel strangely unstable.
You feel extremely sick.
You kill the kobold!
Trog accepts your kill.
Erica hits you with a +1 scimitar of flaming.
Erica burns you.
You die...

#.....# #.#
#.....# #.#
######..#
#.#
#.......#
#..
#......##
###
######Y.##
#.......#
#...n...#
######@)###
#....K@O.#
#...)..).#
####..#..#
.[..z#.##
#.###.#..#
....##
##.## #.


You could see Erica, a two-headed ogre, a sky beast, a kobold brigand (very
poisoned), a necrophage and a wight.

Vanquished Creatures
  Pikel (D:7)
  Prince Ribbit (D:6)
  Duvessa (D:6)
  A water moccasin (D:7)
  3 ogres
  A sky beast (D:6)
  2 black bears
  2 ice beasts
  2 centaurs
  3 phantoms (D:5)
  A lemure (D:7)
  3 necrophages
  A bullfrog (D:7)
  2 scorpions
  A wight (D:8)
  Dowan (D:6)
  A howler monkey (D:5)
  A bullfrog zombie (D:5)
  A hound (D:5)
  2 orc priests
  2 iguanas
  3 orc wizards
  A hound zombie (D:5)
  A howler monkey zombie (D:5)
  4 gnolls
  8 adders
  6 river rats (D:7)
  A shadow imp (D:7)
  4 white imps
  A worm (D:2)
  A dart slug (D:4)
  16 orcs
  4 ball pythons
  5 endoplasms
  6 giant cockroaches
  6 hobgoblins
  3 quokkas
  3 bats
  2 frilled lizards
  5 goblins
  6 kobolds
  17 rats
136 creatures vanquished.

Vanquished Creatures (others)
  A withered plant (D:5)
1 creature vanquished.

Grand Total: 137 creatures vanquished

Notes
Turn   | Place    | Note
-------+----------+-------------------------------------------
     0 | D:1      | qw the Minotaur Berserker began the quest for the Orb.
     0 | D:1      | Reached XP level 1. HP: 19/19 MP: 0/0
     0 | D:1      | 0 ||| qw: Version: 0.1-a-119-g272c26d
     0 | D:1      | 0 ||| qw: Game counter: 10853
     0 | D:1      | 0 ||| qw: Always use a shield: true
     0 | D:1      | 0 ||| qw: Do Orc after D:15 true
     0 | D:1      | 0 ||| qw: Do second Lair branch before Depths: true
     0 | D:1      | 0 ||| qw: Lair rune preference: random
     0 | D:1      | 0 ||| qw: Plans: Normal
     0 | D:1      | 0 ||| PLANNING D:1-11
   173 | D:1      | 173 ||| INVOKING Berserk.
   178 | D:1      | Reached skill level 4 in Axes
   178 | D:1      | Reached XP level 2. HP: 26/26 MP: 1/1
   620 | D:1      | Found a faded altar of an unknown god.
   946 | D:2      | Reached skill level 5 in Axes
  1012 | D:2      | Reached XP level 3. HP: 31/31 MP: 2/2
  1325 | D:2      | 1325 ||| INVOKING Berserk.
  1985 | D:2      | 1985 ||| READING scroll labelled VOABBI OHUPP.
  1986 | D:2      | 1986 ||| READING scroll labelled MESOUKHLERCH.
  1990 | D:2      | 1990 ||| READING scroll labelled SYDOIWIMMI.
  2287 | D:3      | 2287 ||| Stepping ~*~*~tactically~*~*~ (stealth).
  2304 | D:3      | Reached ** piety under Trog
  2305 | D:3      | Reached XP level 4. HP: 32/39 MP: 3/3
  2318 | D:3      | 2318 ||| FLEEEEING.
  2374 | D:3      | Reached skill level 6 in Axes
  2518 | D:3      | 2518 ||| Stepping ~*~*~tactically~*~*~ (stealth).
  2520 | D:3      | 2520 ||| Stepping ~*~*~tactically~*~*~ (stealth).
  2587 | D:3      | 2587 ||| DROPPING +0 whip.
  2628 | D:3      | Found a bloodstained altar of Trog.
  2934 | D:3      | 2934 ||| FLEEEEING.
  2935 | D:3      | 2935 ||| FLEEEEING.
  2936 | D:3      | 2936 ||| FLEEEEING.
  2937 | D:3      | 2937 ||| FLEEEEING.
  2938 | D:3      | 2938 ||| FLEEEEING.
  2939 | D:3      | 2939 ||| FLEEEEING.
  2940 | D:3      | 2940 ||| FLEEEEING.
  2941 | D:3      | 2941 ||| FLEEEEING.
  2942 | D:3      | 2942 ||| FLEEEEING.
  2943 | D:3      | 2943 ||| FLEEEEING.
  2944 | D:3      | 2944 ||| FLEEEEING.
  2945 | D:3      | 2945 ||| FLEEEEING.
  2946 | D:3      | 2946 ||| FLEEEEING.
  2947 | D:3      | 2947 ||| STAIRDANCE
  2981 | D:2      | 2981 ||| UPGRADING to +0 kite shield.
  2986 | D:2      | 2986 ||| UPGRADING to +0 leather armour.
  2996 | D:2      | 2996 ||| DROPPING +0 animal skin.
  2997 | D:2      | 2997 ||| UPGRADING to +0 chain mail.
  3007 | D:2      | 3007 ||| DROPPING +0 leather armour.
  3008 | D:2      | 3008 ||| READING scroll labelled AROULI ZOAG.
  3009 | D:2      | 3009 ||| READING scroll labelled JOROSE VICIJO.
  3010 | D:2      | 3010 ||| READING scroll labelled NAGUEX QOMEINK.
  3034 | D:3      | Reached skill level 1 in Shields
  3258 | D:4      | Found an ancient bone altar of Kikubaaqudgha.
  3290 | D:4      | 3290 ||| Stepping ~*~*~tactically~*~*~ (hiding).
  3294 | D:4      | 3294 ||| Stepping ~*~*~tactically~*~*~ (hiding).
  3610 | D:4      | Noticed an ogre
  3610 | D:4      | Noticed qw's ghost (weakling GrDe)
  3611 | D:4      | Noticed an ogre
  3612 | D:4      | Found a transporter.
  3645 | D:4      | Noticed a black bear
  3648 | D:4      | 3648 ||| INVOKING Berserk.
  3650 | D:4      | Killed a black bear
  3651 | D:4      | Reached XP level 5. HP: 45/45 MP: 4/4
  3787 | D:4      | Noticed a centaur
  3793 | D:4      | 3793 ||| INVOKING Berserk.
  3794 | D:4      | Killed a centaur
  3795 | D:4      | Reached XP level 6. HP: 32/51 MP: 5/5
  4015 | D:4      | 4015 ||| Stepping ~*~*~tactically~*~*~ (stealth).
  4020 | D:4      | 4020 ||| Stepping ~*~*~tactically~*~*~ (stealth).
  4021 | D:4      | 4021 ||| Stepping ~*~*~tactically~*~*~ (stealth).
  4072 | D:4      | 4072 ||| Stepping ~*~*~tactically~*~*~ (hiding).
  4077 | D:4      | 4077 ||| INVOKING Berserk.
  4222 | D:4      | Found a staircase to the Ecumenical Temple.
  4475 | D:4      | Found a transporter.
  4488 | D:4      | 4488 ||| READING scroll labelled OVOUCE JOUPPE.
  4489 | D:4      | 4489 ||| DRINKING 2 orange potions.
  4490 | D:4      | 4490 ||| DRINKING 2 brown potions.
  4491 | D:4      | 4491 ||| DROPPING potion of attraction.
  4506 | D:5      | Entered Level 5 of the Dungeon
  4524 | D:5      | 4524 ||| INVOKING Berserk.
  4528 | D:5      | Reached skill level 7 in Axes
  4682 | D:5      | Reached skill level 8 in Axes
  4682 | D:5      | Reached XP level 7. HP: 59/59 MP: 6/6
  4698 | D:5      | 4698 ||| Stepping ~*~*~tactically~*~*~ (stealth).
  4703 | D:5      | 4703 ||| Stepping ~*~*~tactically~*~*~ (stealth).
  4750 | D:5      | 4750 ||| Stepping ~*~*~tactically~*~*~ (hiding).
  4752 | D:5      | 4752 ||| INVOKING Berserk.
  4757 | D:5      | Reached skill level 6 in Shields
  4889 | D:5      | 4889 ||| DROPPING +1 whip of venom.
  4915 | D:5      | 4915 ||| Stepping ~*~*~tactically~*~*~ (stealth).
  5020 | D:5      | Found a shimmering altar of Xom.
  5024 | D:5      | Found a stormy altar of Qazlal.
  5029 | D:5      | Found a radiant altar of Vehumet.
  5385 | D:5      | Reached skill level 9 in Axes
  5641 | D:5      | Found a hide-covered altar of Uskayaw.
  5674 | D:5      | 5674 ||| READING scroll labelled DULIOXAGUM.
  5675 | D:5      | 5675 ||| READING scroll labelled PYROPA FOKO.
  5739 | D:6      | Reached XP level 8. HP: 69/69 MP: 7/7
  5877 | D:6      | Found a shimmering blue altar of Sif Muna.
  5897 | D:6      | Reached skill level 3 in Armour
  5943 | D:6      | Noticed Prince Ribbit
  5945 | D:6      | 5945 ||| INVOKING Berserk.
  5957 | D:6      | Killed Prince Ribbit
  6164 | D:6      | 6164 ||| Stepping ~*~*~tactically~*~*~ (hiding).
  6265 | D:6      | Noticed Duvessa
  6265 | D:6      | Noticed Dowan
  6267 | D:6      | 6267 ||| INVOKING Berserk.
  6274 | D:6      | Killed Duvessa
  6276 | D:6      | Killed Dowan
  6392 | D:6      | Found a sacrificial altar of Ru.
  6595 | D:6      | Reached skill level 10 in Axes
  6633 | D:6      | 6633 ||| INVOKING Berserk.
  6640 | D:6      | Reached skill level 6 in Fighting
  6921 | D:6      | 6921 ||| INVOKING Berserk.
  7098 | D:6      | 7098 ||| READING scroll labelled KAXTOFR ELAOCO.
  7099 | D:6      | 7099 ||| READING scroll labelled DUSHREDGH ISEIBE.
  7100 | D:6      | 7100 ||| READING 2 scrolls of identify.
  7100 | D:6      | 7100 ||| IDENTIFYING glowing coppery potion
  7101 | D:6      | 7101 ||| DROPPING potion of ambrosia.
  7231 | D:7      | 7231 ||| Stepping ~*~*~tactically~*~*~ (stealth).
  7395 | D:7      | Reached skill level 11 in Axes
  7395 | D:7      | Reached XP level 9. HP: 75/75 MP: 8/8
  7427 | D:7      | 7427 ||| Stepping ~*~*~tactically~*~*~ (hiding).
  7692 | D:7      | 7692 ||| Stepping ~*~*~tactically~*~*~ (hiding).
  7749 | D:7      | 7749 ||| Stepping ~*~*~tactically~*~*~ (stealth).
  7923 | D:7      | Noticed Pikel
  7927 | D:7      | 7927 ||| INVOKING Berserk.
  7929 | D:7      | Reached skill level 1 in Throwing
  7935 | D:7      | Killed Pikel
  7936 | D:7      | Reached skill level 12 in Axes
  8268 | D:7      | Reached *** piety under Trog
  8484 | D:7      | 8484 ||| UPGRADING to ring of resist corrosion.
  8485 | D:7      | 8485 ||| DRINKING 2 green potions.
  8486 | D:7      | 8486 ||| READING 4 scrolls of identify.
  8486 | D:7      | 8486 ||| IDENTIFYING ruby potion
  8487 | D:7      | 8487 ||| READING 3 scrolls of identify.
  8487 | D:7      | 8487 ||| IDENTIFYING bubbling brown potion
  8488 | D:7      | 8488 ||| READING 2 scrolls of identify.
  8488 | D:7      | 8488 ||| IDENTIFYING fuming emerald potion
  8489 | D:7      | 8489 ||| DROPPING potion of brilliance.
  8725 | D:8      | 8725 ||| Stepping ~*~*~tactically~*~*~ (hiding).
  8727 | D:8      | 8727 ||| Stepping ~*~*~tactically~*~*~ (hiding).
  8729 | D:8      | 8729 ||| Stepping ~*~*~tactically~*~*~ (hiding).
  8732 | D:8      | 8732 ||| Stepping ~*~*~tactically~*~*~ (hiding).
  8735 | D:8      | 8735 ||| Stepping ~*~*~tactically~*~*~ (hiding).
  8736 | D:8      | 8736 ||| FLEEEEING.
  8738 | D:8      | 8738 ||| INVOKING Berserk.
  8752 | D:8      | Noticed Erica
  8753 | D:8      | Noticed a two-headed ogre
  8759 | D:8      | HP: 13/77 [two-headed ogre/+0 giant club (12)]
  8760 | D:8      | 8760 ||| READING scroll of teleportation.
  8760 | D:8      | HP: 1/77 [Erica/+1 scimitar of flaming (6)]
  8760 | D:8      | Slain by Erica

Levels and vault maps discovered:
D:1:      heliophobic_arrival_battle_scene, layout_loops_ring,
          hellmonk_ecumenical_altar_prayer_group, nrook_mini_backslash,
          grunt_decor_arrowhead
D:2:      minmay_skewed_foursquare, layout_loops_ring, kennysheep_crisscross,
          minmay_door_square, chequers_serial_rivers_micro_c,
          lightli_corner_chamber
D:3:      layout_basic, lightli_temple_of_fire
D:4:      layout_basic, kiku_gazebo_pond_becter, minmay_temple_entry_crystal_x,
          gammafunk_ghost_smash, minmay_misc_feat_secret_circle
D:5:      layout_basic, grunt_temple_overflow_diamond,
          nicolae_overflow_crystal_walls, serial_undead, serial_undead_c,
          serial_undead_f, serial_undead_e, serial_undead_e,
          hangedman_decor_peaks_small, amcnicky_mini_rare_corridor_liquid
D:6:      layout_loops_corners, mainiacjoe_overflow_catwalk,
          nicolae_ru_the_path_less_chosen, uniq_prince_ribbit1, uniq_duvessa
D:7:      layout_loops_corners, dk_rats_in_the_wall, uniq_pikel
D:8:      layout_loops_corners, serial_shops, nicolae_shop_hallway_stairs,
          hangedman_abyss_or_decor_stagger, uniq_erica

Skill      XL: |  1  2  3  4  5  6  7  8  9 |
---------------+----------------------------+-----
Axes           | 4 5 6 8 9 11 12 | 12.3
Shields        | 4 5 6 7 8 |  8.1
Fighting       | 4 5 6 7 |  7.0
Armour         | 3 4 |  4.0
Throwing       | 1 |  1.1
Dodging        | |  2.1

Action                   |  1- 3 |  4- 6 |  7- 9 || total
-------------------------+-------+-------+-------++-------
Melee: Hand axe          |    68 |    91 |   226 ||   385
       Headbutt          |    12 |    11 |    43 ||    66
       Punch             |       |     1 |       ||     1
Throw: Boomerang         |       |    24 |     4 ||    28
Invok: Berserk           |     2 |     4 |     7 ||    13
  Use: Scroll            |     3 |     4 |     9 ||    16
       Potion            |       |     2 |     1 ||     3
Armor: Animal skin       |     8 |     4 |       ||    12
       Chain mail        |       |    31 |    63 ||    94
Dodge: Dodged            |    28 |    27 |    41 ||    96
Block: Kite shield       |       |    24 |    80 ||   104

Table legend:
 A = Non-vault XP
 B = Vault XP
 C = Vault XP percentage of total XP
 D = Non-vault monster count
 E = Vault monster count
 F = Vault count percentage of total count
                 A         B        C        D         E       F
            +---------+---------+-------+---------+---------+-------
      Total |    2753 |    1600 |  36.8 |     100 |      35 |  25.9
            +---------+---------+-------+---------+---------+-------
        D:1 |      31 |       0 |   0.0 |      11 |       0 |   0.0
        D:2 |      20 |      21 |  51.2 |      10 |       5 |  33.3
        D:3 |      60 |       0 |   0.0 |      17 |       0 |   0.0
        D:4 |     387 |       0 |   0.0 |      21 |       0 |   0.0
        D:5 |     566 |     297 |  34.4 |      11 |       5 |  31.2
        D:6 |     681 |     491 |  41.9 |       9 |       3 |  25.0
        D:7 |     813 |     791 |  49.3 |      12 |      22 |  64.7
        D:8 |     195 |       0 |   0.0 |       9 |       0 |   0.0
            +---------+---------+-------+---------+---------+-------
